 Dungeon Crawl Stone Soup version 0.28-a0-479-g5baa6b73be (webtiles) character file.

Game seed: 5229306798720421106

68 Shayle the Skirmisher (level 4, -1/48 HPs)
             Began as an Ogre Warper on Sept 19, 2021.
             Slain by Terence (10 damage)
             ... on level 3 of the Dungeon.
             The game lasted 00:04:48 (1942 turns).

Shayle the Skirmisher (Ogre Warper)                 Turns: 1942, Time: 00:04:49

Health: -1/48      AC:  3    Str: 15    XL:     4   Next: 19%
Magic:  2/9        EV:  9    Int: 15    God:
Gold:   33         SH:  0    Dex:  8    Spells: 1/9 levels left

rFire   . . .      SeeInvis .   e - +2 hand axe (freeze)
rCold   . . .      Faith    .   (no shield)
rNeg    . . .      Spirit   .   b - +0 robe
rPois   .          Reflect  .   (helmet restricted)
rElec   .          Harm     .   (no cloak)
rCorr   .          Rampage  .   (gloves unavailable)
Will    .....                   (boots unavailable)
Stlth   +.........              (no amulet)
HPRegen 0.16/turn               (no ring)
MPRegen 0.11/turn               (no ring)

@: attractive, hasted, very quick
A: large, unfitting armour, tough skin 1
a: no special abilities


You were on level 3 of the Dungeon.
You visited 1 branch of the dungeon, and saw 4 of its levels.

You collected 33 gold pieces.

Inventory:

Hand Weapons
 a - a +0 spear
 e - a +2 hand axe of freezing (weapon)
Missiles
 d - 5 boomerangs of dispersal (quivered)
Armour
 b - a +0 robe (worn)
Scrolls
 c - a scroll of blinking
 h - a scroll of identify {unknown}
 j - a scroll of teleportation {unknown}
 k - a scroll of fog {unknown}
Potions
 f - 3 potions of attraction
 g - a potion of heal wounds {unknown}
 l - a potion of lignification {unknown}
 m - a potion of berserk rage {unknown}


   Skills:
 + Level 3.8 Fighting
 + Level 2.8 Polearms
 - Level 1.0 Throwing
 - Level 2.1 Dodging
 + Level 3.4 Spellcasting
 - Level 2.6 Translocations
 + Level 0.7 Earth Magic


You had one spell level left.
You knew the following spells:

 Your Spells              Type           Power      Damage    Failure   Level
a - Blink                 Tloc           N/A        N/A       10%         2
b - Teleport Other        Tloc           10%        N/A       19%         3
c - Stone Arrow           Conj/Erth      6%         3d7       45%         3

Your spell library contained the following spells:

 Spells                   Type           Power      Damage    Failure   Level
 Gell's Gravitas          Tloc           5%         N/A       19%         3
 Lesser Beckoning         Tloc           10%        N/A       19%         3
 Animate Armour           Summ/Erth      6%         N/A       86%         4
 Manifold Assault         Tloc           10%        N/A       87%         5
 Lehudib's Crystal Spear  Conj/Erth      1%         10d2      100%        8


Dungeon Overview and Level Annotations

Branches:
Dungeon (4/15)
 Temple: D:4-7

Altars:

Annotations:
D:2 1 runed translucent door, Crazy Yiuf
D:3 Terence


Innate Abilities, Weirdness & Mutations

You are too large for most types of armour.
You have tough skin. (AC +1)


Message History

Press: ? - help, Shift-Dir - straight line, f - Terence
Aim: Terence, wielding a +0 flail, wearing a +0 scale mail and quivering stones (chance to affect: 54%) Terence resists with significant effort.
Terence throws a stone.
The stone hits you.
Casting: Teleport Other (dangerous; 19% risk of failure)
Confirm with . or Enter, or press ? or * to list all spells.
Aiming: Teleport Other (dangerous; 19% risk of failure)
Press: ? - help, Shift-Dir - straight line, f/p - Terence
Aim: Terence, wielding a +0 flail, wearing a +0 scale mail and quivering stones (chance to affect: 54%) Terence resists with significant effort.
Casting: Teleport Other (dangerous; 19% risk of failure)
Confirm with . or Enter, or press ? or * to list all spells.
Aiming: Teleport Other (dangerous; 19% risk of failure)
Press: ? - help, Shift-Dir - straight line, f/p - Terence
Aim: Terence, wielding a +0 flail, wearing a +0 scale mail and quivering stones (chance to affect: 54%) Terence resists with significant effort.
Terence throws a stone.
The stone barely misses you.
Terence throws a stone.
The stone hits you but does no damage.
Terence throws a stone.
The stone hits you but does no damage.
You closely miss Terence. Terence hits you with a +0 flail.
You barely miss Terence. Terence barely misses you.
You hit Terence but do no damage. Terence hits you with a +0 flail!
Terence closely misses you.
You hit Terence. You freeze Terence.
Terence is lightly wounded.
Terence hits you with a +0 flail!
* * * LOW HITPOINT WARNING * * *
You barely miss Terence.
Terence is lightly wounded.
Terence hits you with a +0 flail.
* * * LOW HITPOINT WARNING * * *
You hit Terence but do no damage.
Terence is lightly wounded.
Terence closely misses you.
It was a potion of attraction.
You feel attractive to monsters. Terence barely misses you.
It was a potion of haste.
You feel yourself speed up. Terence hits you with a +0 flail!
You die...

# ... #...#
......#########
#......@@....# ##
#.#######.##......
#..## ...## ##..#
... ######.###.#
#..........#
#.####..>#.o..# #
##. .. ###.# ....
.#. .. ...#
.........


You could see Terence.

Vanquished Creatures
  2 adders (D:2)
  3 worms (D:2)
  A dart slug (D:3)
  An orc (D:3)
  2 endoplasms
  3 giant cockroaches
  2 hobgoblins
  2 jackals (D:1)
  3 kobolds
  2 quokkas
  4 ball pythons
  3 bats
  3 frilled lizards
  5 goblins
  4 rats
40 creatures vanquished.

Notes
Turn   | Place    | Note
-------+----------+-------------------------------------------
     0 | D:1      | Shayle the Ogre Warper began the quest for the Orb.
     0 | D:1      | Reached XP level 1. HP: 22/22 MP: 3/3
   240 | D:1      | Reached XP level 2. HP: 28/31 MP: 5/5
   852 | D:1      | Found a faded altar of an unknown god.
  1016 | D:2      | Reached XP level 3. HP: 37/37 MP: 7/7
  1033 | D:2      | Learned a level 2 spell: Blink
  1037 | D:2      | Learned a level 3 spell: Teleport Other
  1041 | D:2      | Learned a level 3 spell: Stone Arrow
  1567 | D:2      | Reached XP level 4. HP: 36/48 MP: 8/8
  1695 | D:2      | Found a runed translucent door.
  1696 | D:2      | Noticed Crazy Yiuf
  1925 | D:3      | Noticed Terence
  1942 | D:3      | Slain by Terence

Illustrated notes

Levels and vault maps discovered:
D:1:      lemuel_arrival_tunnels, layout_loops_cross,
          shapermc_ecumenical_altar_mp_vishouse, chequers_mini_garden,
          minmay_tetromino_i4
D:2:      minmay_evil_eye, layout_basic, uniq_crazy_yiuf_cottage
D:3:      layout_rooms, uniq_terence
D:4:      minmay_inner_zag, layout_basic, minmay_fire_ice_demons

Skill      XL: |  1  2 |
---------------+-------+-----
Fighting       | 3 |  3.8
Spellcasting   | 3 |  3.4
Polearms       | |  2.8
Throwing       | |  1.0
Dodging        | |  2.1
Translocations | |  2.6
Earth Magic    | |  0.7

Action                   |  1- 3 |  4- 6 || total
-------------------------+-------+-------++-------
Melee: Spear             |    20 |       ||    20
       Hand axe          |    81 |    27 ||   108
 Cast: Teleport Other    |       |     3 ||     3
  Use: Potion            |       |     2 ||     2
 Stab: Sleeping          |       |     1 ||     1
Armor: Robe              |    43 |    16 ||    59
Dodge: Dodged            |    55 |    15 ||    70

Table legend: (Time is in decaauts)
 A = Elapsed time spent in this place.
 B = Non-inter-level travel time spent in this place.
 C = Inter-level travel time spent in this place.
 D = Time resting spent in this place.
 E = Time spent auto-exploring this place.
 F = Levels seen in this place.
 G = Mean time per level.
                   A        B        C        D        E       F      G
               +--------+--------+--------+--------+--------+-----+--------+
         Total |   1965 |   1901 |     64 |      9 |   1464 |   4 |  491.2 |
       Dungeon |   1965 |   1901 |     64 |      9 |   1464 |   4 |  491.2 |
               +--------+--------+--------+--------+--------+-----+--------+

Top non-repeatable levels by time:
     D:1: 913 daAuts
     D:2: 890 daAuts
     D:3: 158 daAuts
     D:4: 2 daAuts
